 Dungeon Crawl Stone Soup version 0.27-a0-1591-gc56fcc985a (webtiles) character file.

Game seed: 756044487791556166

32 Anon1729 the Insei (level 3, -3/43 HPs)
             Began as a Merfolk Monk on July 19, 2021.
             Was a Plaything of Xom.
             Killed from afar by Sigmund (8 damage)
             ... with a puff of flame
             ... on level 2 of the Dungeon.
             The game lasted 00:01:33 (1733 turns).

Anon1729 the Insei (Merfolk Monk)                   Turns: 1733, Time: 00:01:34

Health: -3/43      AC:  2    Str: 11    XL:     3   Next: 27%
Magic:  3/3        EV: 13    Int: 10    God:    Xom [.....*]
Gold:   72         SH:  0    Dex: 16    Spells: 2/2 levels left

rFire    . . .     SeeInvis .     - Unarmed
rCold    . . .     Faith    .   (no shield)
rNeg     . . .     Spirit   .   a - +0 robe
rPois    .         Reflect  .   (no helmet)
rElec    .         Harm     .   (no cloak)
rCorr    .         Rampage  .   (no gloves)
Will     .....                  (no boots)
Stlth    ..........             (no amulet)
HPRegen  0.14/turn              (no ring)
MPRegen  0.08/turn              (no ring)

@: berserking, attractive, very quick
A: (nimble swimmer 2), mertail
a: Renounce Religion


You were on level 2 of the Dungeon.
You worshipped Xom.
You were Xom's teddy bear.
You visited 1 branch of the dungeon, and saw 2 of its levels.

You collected 72 gold pieces.

Inventory:

Armour
 a - a +0 robe (worn)
Scrolls
 c - a scroll of identify


   Skills:
 - Level 3.2 Fighting
 - Level 4.0 Dodging
 - Level 2.1 Stealth
 + Level 4.7 Unarmed Combat


You had 2 spell levels left.
You didn't know any spells.
Your spell library contained the following spells:

 Spells                   Type           Power      Damage    Failure   Level
 Ignite Poison            Fire/Tmut/Pois 0%         N/A       75%         3
 Mephitic Cloud           Conj/Pois/Air  0%         N/A       75%         3
 Bolt of Magma            Conj/Fire/Erth 0%         4d4       100%        5


Dungeon Overview and Level Annotations

Branches:
Dungeon (2/15)

Altars:
Xom

Annotations:
D:2 Sigmund


Innate Abilities, Weirdness & Mutations

((You are quick and stealthy near water. (Stealth+, EV+, Speed+++)))
Your lower body shifts to a powerful aquatic tail in water.


Message History

Sigmund is nearby!
It was a potion of attraction.
You feel attractive to monsters.
Sigmund's eyes start glowing with a red light.
Sigmund hits you with a +0 scythe.
* * * LOW HITPOINT WARNING * * *
It was a potion of curing.
You feel better. Sigmund closely misses you.
As you read the scroll labelled DIKHLI QARUU, it crumbles to dust.
It is a scroll of identify.
You don't have any unidentified items.
Sigmund misses you.
You hit Sigmund.
Sigmund is moderately wounded.
Sigmund barely misses you.
You completely miss Sigmund.
Sigmund is moderately wounded.
Sigmund completely misses you.
You hit Sigmund but do no damage.
Sigmund is moderately wounded.
Sigmund hits you with a +0 scythe.
* * * LOW HITPOINT WARNING * * *
You aren't carrying any potions.
You hit Sigmund.
Sigmund is moderately wounded.
Xom grants you a minor favour.
A red film seems to cover your vision as you go berserk!
You feel yourself moving faster!
You feel mighty!
You are now Xom's teddy bear.
Sigmund casts a spell.
Sigmund flickers and vanishes!
Deactivating autopickup; reactivate with Ctrl-A.
You punch something! You hit something. Something hits you!
* * * LOW HITPOINT WARNING * * *
You miss something. Your punch misses something. You completely miss something.
You hear some strange, mumbled words.
A puff of flame appears from out of thin air!
The puff of flame hits you!
You die...

#.. #.# #.. #.# #
#.. #.# #.##.. #.#
.$....## #<#
##.##...###.#
#...........#
##.##...##########
##.#..@{.....#
#.#.#######.#
#......†..#
#.###.#.#.#
......... #####.#
### #.# #.# #.#


There were no monsters in sight!

Vanquished Creatures
  A dart slug (D:1)
  4 ball pythons
  3 endoplasms (D:1)
  6 goblins (D:1)
  4 hobgoblins
  A quokka (D:1)
  A frilled lizard (D:1)
  5 kobolds (D:1)
  2 rats (D:1)
27 creatures vanquished.

Notes
Turn   | Place    | Note
-------+----------+-------------------------------------------
     0 | D:1      | Anon1729 the Merfolk Monk began the quest for the Orb.
     0 | D:1      | Reached XP level 1. HP: 18/18 MP: 1/1
   410 | D:1      | Reached XP level 2. HP: 24/24 MP: 2/2
  1003 | D:1      | Found a faded altar of an unknown god.
  1042 | D:1      | Became a worshipper of Xom of Chaos
  1054 | D:1      | XOM: divination: magic mapping
  1096 | D:1      | XOM: divination: detect items
  1102 | D:1      | Reached XP level 3. HP: 25/29 MP: 3/3
  1305 | D:1      | XOM: silly message
  1715 | D:2      | Noticed Sigmund
  1729 | D:2      | XOM: potion effect (berserk rage)
  1733 | D:2      | Killed from afar by Sigmund

Illustrated notes

Levels and vault maps discovered:
D:1:      dpeg_cavernosity, layout_loops_corners,
          chequers_ecumenical_altar_simple_redux, serial_bayou_lake_a
D:2:      layout_loops_ring, uniq_sigmund, uniq_crazy_yiuf_cottage

Skill      XL: |  1  2 |
---------------+-------+-----
Unarmed Combat | 4 |  4.7
Fighting       | |  3.2
Dodging        | |  4.0
Stealth        | |  2.1

Action                   || total
-------------------------++-------
Melee: Unarmed           ||    88
       Tailslap          ||     2
       Punch             ||     1
  Use: Potion            ||     2
       Scroll            ||     1
 Stab: Sleeping          ||     8
Armor: Robe              ||     6
Dodge: Dodged            ||    44

Table legend: (Time is in decaauts)
 A = Elapsed time spent in this place.
 B = Non-inter-level travel time spent in this place.
 C = Inter-level travel time spent in this place.
 D = Time resting spent in this place.
 E = Time spent auto-exploring this place.
 F = Levels seen in this place.
 G = Mean time per level.
                   A        B        C        D        E       F      G
               +--------+--------+--------+--------+--------+-----+--------+
         Total |   1682 |   1645 |     37 |    378 |   1086 |   2 |  841.0 |
       Dungeon |   1682 |   1645 |     37 |    378 |   1086 |   2 |  841.0 |
               +--------+--------+--------+--------+--------+-----+--------+

Top non-repeatable levels by time:
     D:1: 1653 daAuts
     D:2: 28 daAuts
